 Dungeon Crawl Stone Soup version 0.25-a0-71-ge910a4a285 (webtiles) character file.

Game seed: 8469281374362350793, levelgen mode: deterministic

215 MrRokkomies the Skirmisher (level 5, -9/47 (48) HPs)
             Began as a Ghoul Monk on Nov 3, 2019.
             Killed by divine providence
             ... invoked by an orc priest
              (13 damage)
             ... on level 4 of the Dungeon.
             The game lasted 00:07:38 (2901 turns).

MrRokkomies the Skirmisher (Ghoul Monk)             Turns: 2901, Time: 00:07:39

HP:   -9/47 (48)    AC:  5    Str: 16    XL:     5   Next: 92%
MP:   4/4           EV: 17    Int:  5    God:
Gold: 201           SH:  0    Dex: 16    Spells: 4/4 levels left

rFire    . . .     SeeInvis .     - Unarmed
rCold    + . .     Gourm    .   (no shield)
rNeg     + + +     Faith    .   h - +0 ring mail
rPois    ∞         Spirit   .   (no helmet)
rElec    .         Reflect  .   (no cloak)
rCorr    .         Harm     .   (no gloves)
MR       .....                  (no boots)
Stlth    +.........             (no amulet)
HPRegen  0.00/turn              i - ring of wizardry
MPRegen  0.09/turn              (no ring)

@: confused, agile, flying, rotting
A: rotting body, claws 1, carnivore, cold resistance 1, negative energy
resistance 3, inhibited regeneration, torment resistance, unbreathing
a: no special abilities


You were on level 4 of the Dungeon.
You were not hungry.

You visited 1 branch of the dungeon, and saw 4 of its levels.

You collected 201 gold pieces.

Inventory:

Missiles
 c - 4 boomerangs (quivered)
 j - 4 curare-tipped darts
 r - 20 poisoned darts
Armour
 a - a +0 robe
 h - a +0 ring mail (worn)
Jewellery
 i - a ring of wizardry (left claw)
 q - an uncursed ring of ice
Wands
 e - a wand of flame (12)
 n - a wand of acid (6)
Scrolls
 p - 3 scrolls of identify
Potions
 d - a potion of brilliance
 g - a potion of magic {unknown}
 k - a potion of haste {unknown}
 l - a potion of might {unknown}
 m - a potion of flight
 o - a potion of curing {unknown}
 s - a potion of lignification {unknown}
Comestibles
 b - 6 rations


   Skills:
 * Level 5.5 Fighting
 - Level 2.6 Dodging
 - Level 2.1 Stealth
 * Level 5.4 Unarmed Combat


You had 4 spell levels left.
You didn't know any spells.
Your spell library was empty.

Dungeon Overview and Level Annotations

Branches:
Dungeon (4/15)
 Temple: D:4-7

Altars:
Dithmenos
Hepliaklqana
Kikubaaqudgha
Nemelex Xobeh
Xom
Yredelemnul
Zin


Innate Abilities, Weirdness & Mutations

Your body is rotting away.
You thrive on raw meat.
You are immune to poison.
You have sharp fingernails.
You are carnivorous and can eat meat at any time.
Your flesh is cold resistant. (rC+)
You are immune to negative energy. (rN+++)
You do not regenerate when monsters are visible.
You are immune to unholy pain and torment.
You can survive without breathing.


Message History

The orc barely misses you.
The orc wizard gestures wildly while chanting.
The orc wizard blinks!
It was a potion of flight.
You feel very buoyant.
You fly up into the air.
The orc priest invokes the aid of Beogh against you.
Beogh smites you!
* * * LOW HITPOINT WARNING * * *
The orc wizard barely misses you. The orc barely misses you.
Okay, then.
Unknown command.
You're too confused!
You're too confused!
It was a potion of agility.
You feel agile all of a sudden.
The orc shouts!
The orc priest invokes the aid of Beogh against you.
Beogh smites you!
You die...

#.# ###.. ..
#...# ...
.####...# .....
....#...###.....
#.....a#./##..##
#...ooo.......#
##...§@.........
#..............
##..........#.
#..o.......##
##.....<....#
#.............
..o.............
....##..........
....#
##....###..


You could see a worker ant, an orc priest, 2 orc wizards and 2 orcs.

Vanquished Creatures
  2 orc priests
  An orc wizard (D:3)
  2 adders
  A gnoll (D:1)
  4 dart slugs
  6 leopard geckos
  6 orcs (D:3)
  12 bats
  6 giant cockroaches
  11 hobgoblins
  2 quokkas (D:3)
  2 ball pythons
  3 frilled lizards
  6 goblins
  6 kobolds
  12 rats
82 creatures vanquished.

Notes
Turn   | Place    | Note
-------+----------+-------------------------------------------
     0 | D:1      | MrRokkomies the Ghoul Monk began the quest for the Orb.
     0 | D:1      | Reached XP level 1. HP: 19/19 MP: 0/0
   110 | D:1      | Reached XP level 2. HP: 19/25 MP: 1/1
   680 | D:1      | Reached XP level 3. HP: 18/33 MP: 2/2
  1262 | D:2      | Reached XP level 4. HP: 41/41 MP: 3/3
  2264 | D:3      | Reached skill level 5 in Fighting
  2264 | D:3      | Reached XP level 5. HP: 25/48 MP: 4/4
  2272 | D:3      | Reached skill level 5 in Unarmed Combat
  2625 | D:3      | Found a sparkling altar of Nemelex Xobeh.
  2626 | D:3      | Found a glowing silver altar of Zin.
  2626 | D:3      | Found an ancient bone altar of Kikubaaqudgha.
  2627 | D:3      | Found a shadowy altar of Dithmenos.
  2627 | D:3      | Found a basalt altar of Yredelemnul.
  2628 | D:3      | Found a shimmering altar of Xom.
  2855 | D:3      | Found a hazy altar of Hepliaklqana.
  2901 | D:4      | Killed from afar by an orc priest

Levels and vault maps discovered:
D:1:      nicolae_arrival_washed_ashore, layout_loops_corners,
          minmay_misc_feat_square, minmay_octomino_c4
D:2:      layout_basic, first_ration
D:3:      layout_loops_ring, grunt_temple_overflow_open,
          nicolae_overflow_hidden_temple
D:4:      layout_cave_pools, vehumet_crystals, serial_shops, kennysheep_mini

Skill      XL: |  1  2  3  4  5 |
---------------+----------------+-----
Fighting       | 4 5 |  5.5
Unarmed Combat | 4 5 |  5.4
Dodging        | |  2.6
Stealth        | |  2.1

Action                   |  1- 3 |  4- 6 || total
-------------------------+-------+-------++-------
Melee: Unarmed           |   103 |   151 ||   254
       Punch             |     2 |     1 ||     3
Throw: Boomerang         |     3 |       ||     3
       Dart              |       |     1 ||     1
  Use: Scroll            |     6 |       ||     6
       Potion            |       |     2 ||     2
 Stab: Sleeping          |     2 |     1 ||     3
  Eat: Chunk             |     7 |     4 ||    11
Armor: Robe              |    10 |       ||    10
       Ring mail         |    16 |    66 ||    82
Dodge: Dodged            |    71 |    92 ||   163

Table legend:
 A = Non-vault XP
 B = Vault XP
 C = Vault XP percentage of total XP
 D = Non-vault monster count
 E = Vault monster count
 F = Vault count percentage of total count
                 A         B        C        D         E       F
            +---------+---------+-------+---------+---------+-------
      Total |     294 |      14 |   4.5 |      75 |       7 |   8.5
            +---------+---------+-------+---------+---------+-------
        D:1 |      50 |      14 |  21.9 |      23 |       7 |  23.3
        D:2 |      59 |       0 |   0.0 |      24 |       0 |   0.0
        D:3 |     142 |       0 |   0.0 |      27 |       0 |   0.0
        D:4 |      43 |       0 |   0.0 |       1 |       0 |   0.0
            +---------+---------+-------+---------+---------+-------
